 Dungeon Crawl Stone Soup version 0.29.1-15-g9cfb28693d (webtiles) character file.

Game seed: 3800089059888871234

9042 Anriel the Nimble (level 11, -5/57 HPs)
             Began as a Deep Elf Hedge Wizard on Feb 20, 2023.
             Was a Priest of Sif Muna.
             Slain by a centaur warrior
             ... wielding a +2 flail of protection
              (18 damage)
             ... on level 9 of the Dungeon on Feb 21, 2023.
             The game lasted 01:36:55 (11836 turns).

Anriel the Nimble (Deep Elf Hedge Wizard)          Turns: 11836, Time: 01:36:56

Health: -5/57      AC:  7    Str:  7    XL:     11   Next: 17%
Magic:  17/25      EV: 20    Int: 24    God:    Sif Muna [***...]
Gold:   300        SH:  5    Dex: 22    Spells: 10/26 levels left

rFire   . . .      SeeInvis .   D - +7 dagger "Lismir" {vorpal, rElec Will+}
rCold   . . .      Faith    .   (no shield)
rNeg    . . .      Spirit   .   b - +0 robe
rPois   .          Reflect  +   c - +0 hat
rElec   +          Harm     .   (no cloak)
rCorr   .          Rampage  .   j - +1 pair of gloves
Will    ++...                   q - +2 pair of boots
Stlth   +++.......              e - amulet "Igestodd" {Reflect rElec SH+5}
HPRegen 0.19/turn               p - ring of wizardry
MPRegen 0.19/turn               I - +8 ring of dexterity

@: no status effects
A: no striking features
a: Renounce Religion, Channel Magic, Forget Spell


You were on level 9 of the Dungeon.
You worshipped Sif Muna.
Sif Muna was most pleased with you.
You visited 2 branches of the dungeon, and saw 10 of its levels.
You also visited: Sewer and Ossuary.

You collected 1015 gold pieces.
You spent 715 gold pieces at shops.

Inventory:

Hand Weapons
 a - a +2 dagger of electrocution
 d - a +3 vampiric dagger
 y - a +0 rapier of draining
 D - the +7 dagger "Lismir" (weapon) {vorpal, rElec Will+}
   (You took it off an orc on level 9 of the Dungeon)

   It inflicts extra damage upon your enemies.
   rElec:     It insulates you from electricity.
   Will:      It increases your willpower.
 F - a +0 dagger of venom
 K - the +5 trident "Itsem" {flame, Fly}
   (You found it on level 8 of the Dungeon)

   It burns those it strikes, dealing additional fire damage.
   Fly:       It grants you flight.
 M - a +0 dagger of speed
 O - a +2 rapier of electrocution
Armour
 b - a +0 robe (worn)
 c - a +0 hat (worn)
 i - an orb of wrath
 j - a +1 pair of gloves (worn)
 n - a +0 leather armour
 q - a +2 pair of boots (worn)
Magical Staves
 v - a staff of poison
Jewellery
 e - the amulet "Igestodd" (around neck) {Reflect rElec SH+5}
   (You acquired it on level 1 of the Dungeon)

   [amulet of reflection]

   It reflects blocked missile attacks.
   rElec:     It insulates you from electricity.
   SH:        It affects your SH (+5).
 m - a ring of fire
 p - a ring of wizardry (left hand)
 B - a ring of positive energy
 E - a ring of protection from fire
 I - a +8 ring of dexterity (right hand)
 J - a ring of poison resistance
Wands
 z - a wand of quicksilver (5)
 H - a wand of polymorph (2)
 L - a wand of charming (10)
Scrolls
 k - 6 scrolls of teleportation
 r - 4 scrolls of fog
 t - a scroll of magic mapping
 u - 3 scrolls of immolation
 C - a scroll of identify
Potions
 f - a potion of flight
 g - a potion of resistance
 h - 3 potions of attraction
 l - 4 potions of might
 o - a potion of berserk rage
 s - a potion of ambrosia
 w - 3 potions of lignification
 x - 3 potions of mutation
 A - 3 potions of haste
 G - a potion of curing
 N - 3 potions of cancellation


   Skills:
 - Level 2.0 Fighting
 - Level 4.0 Short Blades
 - Level 10.0 Dodging
 - Level 2.4 Stealth
 - Level 8.2 Spellcasting
 + Level 7.0 Conjurations
 + Level 5.5 Hexes
 - Level 5.0 Summonings
 - Level 5.2 Translocations
 - Level 5.0 Ice Magic
 - Level 5.3 Air Magic
 + Level 5.9 Invocations


You had 10 spell levels left.
You knew the following spells:

 Your Spells              Type           Power      Damage    Failure   Level
a - Magic Dart            Conj           100%       1d8       1%          1
b - Slow                  Hex            100%       N/A       1%          1
c - Blink                 Tloc           68%        N/A       1%          2
d - Call Imp              Summ           33%        N/A       1%          2
e - Ensorcelled Hibernat  Hex/Ice        70%        N/A       1%          2
f - Teleport Other        Tloc           34%        N/A       1%          3
g - Lightning Bolt        Conj/Air       19%        1d34      6%          5

Your spell library contained the following spells:

 Spells                   Type           Power      Damage    Failure   Level
 Conjure Flame            Conj/Fire      26%        6-21      1%          3
 Gell's Gravitas          Tloc           34%        N/A       1%          3
 Lesser Beckoning         Tloc           34%        N/A       1%          3
 Mephitic Cloud           Conj/Pois/Air  29%        N/A       1%          3
 Tukima's Dance           Hex            36%        N/A       1%          3
 Inner Flame              Hex/Fire       23%        N/A       2%          3
 Airstrike                Air            17%        2d(3-19)  2%          4
 Cause Fear               Hex            18%        N/A       2%          4
 Passage of Golubria      Tloc           34%        N/A       3%          4
 Summon Ice Beast         Ice/Summ       33%        N/A       3%          4
 Summon Lightning Spire   Summ/Air       34%        N/A       3%          4
 Sublimation of Blood     Necr           9%         N/A       4%          2
 Spider Form              Tmut/Pois      9%         N/A       8%          3
 Anguish                  Hex/Necr       11%        N/A       9%          4
 Summon Mana Viper        Hex/Summ       35%        N/A       9%          5
 Irradiate                Conj/Tmut      13%        3d16      16%         5
 Yara's Violent Unravell  Hex/Tmut       11%        3d6       22%         5
 Petrify                  Tmut/Erth      9%         N/A       26%         4
 Monstrous Menagerie      Summ           16%        N/A       93%         7
 Discord                  Hex            18%        N/A       100%        8


Dungeon Overview and Level Annotations

Branches:
Dungeon (9/15)             Temple (1/1) D:6           Sewer (visited)
Ossuary (visited)
   Lair: D:8-11         Orc: D:9-12

Altars:
Ashenzari
Cheibriados
Dithmenos
Elyvilon
Fedhas
Gozag
Hepliaklqana
Kikubaaqudgha
Makhleb
Nemelex Xobeh
Okawaru
Qazlal
Ru
Sif Muna
Trog
Uskayaw
Vehumet
Wu Jian
Xom
Yredelemnul
Zin
The Shining One

Shops:
D:5 =   D:8 [

Annotations:
D:8 2 transporters, u553311's ghost, novice OgGl


Message History

The centaur warrior wields a +0 shortbow.
The centaur warrior shoots an arrow.
The arrow misses you.
The centaur warrior shoots an arrow.
The arrow hits you!
Casting: Magic Dart (safe; 1% risk of failure)
Confirm with . or Enter, or press ? or * to list all spells.
Aiming: Ensorcelled Hibernation (safe; 1% risk of failure)
Press: ? - help, Shift-Dir - straight line, f - centaur warrior
Aim: a centaur warrior, wielding a +0 shortbow (chance to affect: 46%)
The centaur warrior resists with some effort.
The centaur warrior unwields a +0 shortbow.
The centaur warrior wields a +2 flail of protection.
The centaur warrior barely misses you. The centaur warrior kicks you.
Casting: Ensorcelled Hibernation (safe; 1% risk of failure)
Confirm with . or Enter, or press ? or * to list all spells.
Aiming: Ensorcelled Hibernation (safe; 1% risk of failure)
Press: ? - help, Shift-Dir - straight line, f/p - centaur warrior
Aim: a centaur warrior, wielding a +2 flail of protection (chance to affect: 46%)
The centaur warrior resists with some effort.
The centaur warrior hits you with a +2 flail of protection!
You block the centaur warrior's attack.
Casting: Ensorcelled Hibernation (safe; 1% risk of failure)
Confirm with . or Enter, or press ? or * to list all spells.
Aiming: Ensorcelled Hibernation (safe; 1% risk of failure)
Press: ? - help, Shift-Dir - straight line, f/p - centaur warrior
Aim: a centaur warrior, wielding a +2 flail of protection (chance to affect: 46%)
The centaur warrior resists with some effort.
The centaur warrior completely misses you.
The centaur warrior kicks you but does no damage.
The centaur warrior hits you with a +2 flail of protection!
* * * LOW HITPOINT WARNING * * *
The centaur warrior kicks you.
* * * LOW HITPOINT WARNING * * *
Casting: Ensorcelled Hibernation (safe; 1% risk of failure)
Confirm with . or Enter, or press ? or * to list all spells.
Aiming: Ensorcelled Hibernation (safe; 1% risk of failure)
Press: ? - help, Shift-Dir - straight line, f/p - centaur warrior
Aim: a centaur warrior, wielding a +2 flail of protection (chance to affect: 46%)
The centaur warrior resists with some effort.
The centaur warrior hits you with a +2 flail of protection!!
You die...

..........#......................
.##########.....#######..........
.#.............##.....##.........
.#............##..#.#..##........
.#.....########..#...#..########.
.#.....#⌠...⌠#........# #.
.#####.#. #..#.#.._._... #.
.......#.###.'.....#.... #.
.......#..#.÷#.#@._._... #.
.......#⌠.÷÷⌠#..#c...... #.
.......###'####..⌠...#.. #.
......##.....###..#.#..# ##
.....##.......###.....## #
..#.##.........########
..#.#...........#
..'.#...........#
..#.#...........#


You could see a centaur warrior.

Vanquished Creatures
  Erolcha (D:9)
  A centaur warrior (D:9)
  An efreet (D:9)
  A slime creature (D:9)
  11 yaks (D:9)
  A wraith (D:9)
  Eustachio (D:6)
  3 wyverns
  The ghost of TangoThomas the Cutter, an amateur DsGl of Okawaru (D:3)
  A steam dragon (D:7)
  3 swamp worms (D:8)
  An acid dragon (D:9)
  2 water moccasins
  4 black bears
  An ice beast (D:6)
  4 orc warriors
  A sky beast (D:8)
  3 ogres
  3 centaurs
  A phantom (D:5)
  3 kobold brigands
  3 bullfrogs
  4 scorpions
  8 wights (D:9)
  6 killer bees (D:9)
  4 howler monkeys
  A centaur zombie (Ossuary)
  A jelly (D:4)
  6 orc priests
  A gnoll bouda (D:4)
  9 orc wizards
  4 iguanas
  4 mummies (Ossuary)
  7 gnolls
  16 adders
  5 river rats (Sewer)
  3 white imps
  3 dart slugs
  17 orcs
  11 ball pythons
  5 endoplasms
  12 giant cockroaches
  3 gnoll zombies (Ossuary)
  8 goblins
  7 hobgoblins
  2 jackals (D:1)
  28 kobolds
  4 quokkas
  7 bats
  7 frilled lizards
  A goblin zombie (Ossuary)
  2 kobold zombies (Ossuary)
  An orc zombie (Ossuary)
  29 rats
277 creatures vanquished.

Vanquished Creatures (collateral kills)
  An orc priest (D:7)
  2 orc wizards
  5 orcs
  An endoplasm (D:4)
  A goblin (D:4)
10 creatures vanquished.

Vanquished Creatures (others)
  A wizard (D:3)
  Psyche (D:8)
  3 orc wizards (D:5)
  4 plants (D:8)
9 creatures vanquished.

Grand Total: 296 creatures vanquished

Notes
Turn   | Place    | Note
-------+----------+-------------------------------------------
     0 | D:1      | Anriel the Deep Elf Hedge Wizard began the quest for the
                  | Orb.
     0 | D:1      | Reached XP level 1. HP: 10/10 MP: 7/7
   105 | D:1      | Reached XP level 2. HP: 15/15 MP: 0/9
   112 | D:1      | Found a faded altar of an unknown god.
   424 | D:1      | Reached skill level 3 in Dodging
   617 | D:1      | Reached skill level 5 in Spellcasting
   685 | D:1      | You fall into a shaft and drop 1 floor!
   695 | D:2      | Reached XP level 3. HP: 19/19 MP: 8/11
   697 | D:2      | Learned a level 1 spell: Slow
   700 | D:2      | Learned a level 2 spell: Blink
   703 | D:2      | Learned a level 2 spell: Call Imp
  1011 | D:1      | Identified a scroll of acquirement
  1011 | D:1      | Acquired the amulet "Igestodd" {Reflect rElec SH+5}
  1236 | D:2      | Reached skill level 1 in Short Blades
  1311 | D:2      | Reached XP level 4. HP: 24/24 MP: 1/13
  1407 | D:2      | Reached skill level 1 in Hexes
  1837 | D:3      | Noticed TangoThomas's ghost (amateur DsGl)
  1838 | D:3      | Found a transporter.
  1904 | D:3      | Found a transporter.
  2233 | D:3      | Found a bloodstained altar of Trog.
  2235 | D:3      | Noticed a wizard
  2241 | D:3      | Killed a wizard
  2413 | D:3      | Learned a level 2 spell: Ensorcelled Hibernation
  2503 | D:3      | Reached skill level 4 in Dodging
  2662 | D:3      | Found a glowing silver altar of Zin.
  2669 | D:3      | Found an opulent altar of Gozag.
  2673 | D:3      | Found a hazy altar of Hepliaklqana.
  2763 | D:3      | Acquired 485 gold pieces
  2779 | D:4      | Noticed a scorpion
  2780 | D:4      | Noticed an ogre
  2798 | D:4      | Killed a scorpion
  2799 | D:4      | Reached XP level 5. HP: 10/28 MP: 4/14
  3049 | D:4      | Reached XP level 6. HP: 13/32 MP: 1/15
  3097 | D:4      | Reached skill level 5 in Dodging
  3097 | D:4      | Reached skill level 1 in Ice Magic
  3144 | D:4      | Found a sand-covered staircase.
  3157 | Ossuary  | Entered an ossuary
  3253 | Ossuary  | Reached XP level 7. HP: 36/36 MP: 4/16
  3708 | D:5      | Entered Level 5 of the Dungeon
  3772 | D:5      | Reached skill level 6 in Dodging
  4008 | D:5      | Found a shadowy altar of Dithmenos.
  4023 | D:5      | Reached skill level 1 in Fighting
  4100 | D:5      | Found a blossoming altar of Fedhas.
  4295 | D:5      | Found a sacrificial altar of Ru.
  4312 | D:5      | Found a radiant altar of Vehumet.
  4328 | D:5      | Reached XP level 8. HP: 11/43 MP: 11/17
  4572 | D:5      | Found a shimmering altar of Xom.
  4573 | D:5      | Found a basalt altar of Yredelemnul.
  4573 | D:5      | Found an ornate altar of the Wu Jian Council.
  4577 | D:5      | Found a sparkling altar of Nemelex Xobeh.
  4584 | D:5      | Found Juckoih's One-of-a-Kind Rings.
  4615 | D:5      | Reached skill level 7 in Dodging
  5203 | D:6      | Noticed Eustachio
  5216 | D:6      | Found a glowing drain.
  5306 | Sewer    | Entered a sewer
  6076 | D:6      | Found a staircase to the Ecumenical Temple.
  6083 | Temple   | Entered the Ecumenical Temple
  6106 | Temple   | Became a worshipper of Sif Muna the Loreminder
  6166 | D:6      | Reached skill level 8 in Dodging
  6262 | D:6      | Reached skill level 5 in Conjurations
  6416 | D:6      | Killed Eustachio
  6509 | D:6      | Reached XP level 9. HP: 47/47 MP: 16/19
  6765 | D:5      | Bought a +8 ring of dexterity for 715 gold pieces
  7126 | D:7      | Reached skill level 9 in Dodging
  7368 | D:7      | Learned a level 3 spell: Teleport Other
  7799 | D:8      | Upgraded the game from 0.29.1-14-g9c671dbff4 to
                  | 0.29.1-15-g9cfb28693d
  7834 | D:8      | Learned a level 5 spell: Lightning Bolt
  8007 | D:8      | Identified the +5 trident "Itsem" {flame, Fly}
  8083 | D:8      | Reached skill level 1 in Air Magic
  8106 | D:8      | Reached * piety under Sif Muna
  8584 | D:8      | Reached skill level 10 in Dodging
  8667 | D:8      | Found a transporter.
  8668 | D:8      | Noticed u553311's ghost (novice OgGl)
  8672 | D:8      | Noticed a six-headed hydra
  8769 | D:8      | Found Upter's Armour Emporium.
  8919 | D:8      | Found a transporter.
  8942 | D:8      | Noticed Psyche
  8966 | D:8      | Killed Psyche
  8967 | D:8      | Reached XP level 10. HP: 32/53 MP: 14/24
  9339 | D:3      | Killed TangoThomas's ghost
  9536 | D:9      | Reached ** piety under Sif Muna
  9560 | D:9      | Reached skill level 1 in Invocations
  9602 | D:9      | Reached skill level 5 in Hexes
 10022 | D:9      | Identified the +7 dagger "Lismir" {vorpal, rElec Will+}
 10530 | D:9      | Noticed Erolcha
 10865 | D:9      | Killed Erolcha
 10866 | D:9      | Reached skill level 5 in Air Magic
 10947 | D:9      | Reached skill level 5 in Summonings
 11306 | D:9      | Noticed a centaur warrior
 11318 | D:9      | Killed a centaur warrior
 11319 | D:9      | Reached skill level 5 in Translocations
 11319 | D:9      | Reached skill level 5 in Invocations
 11341 | D:9      | Reached XP level 11. HP: 47/57 MP: 21/25
 11474 | D:9      | Reached skill level 5 in Ice Magic
 11474 | D:9      | Found a white marble altar of Elyvilon.
 11505 | D:9      | Reached *** piety under Sif Muna
 11828 | D:9      | Found a white marble altar of Elyvilon.
 11828 | D:9      | Found a radiant altar of Vehumet.
 11828 | D:9      | Found a shimmering blue altar of Sif Muna.
 11828 | D:9      | Noticed a centaur warrior
 11836 | D:9      | Slain by a centaur warrior

Illustrated notes

Levels and vault maps discovered:
D:1:      dpeg_arrival_stonehenge_8_columns, layout_basic,
          shapermc_ecumenical_altar_mp_highgroup, minmay_pentomino_z2
D:2:      minmay_roachtagon, layout_rooms
D:3:      layout_basic, trog_wizard, minmay_overflow_temple_star_quad,
          gammafunk_ghost_arena
D:4:      layout_rooms, chequers_ossuary_entry_cave, feat_on_display
D:5:      wander_river, layout_basic, mainiacjoe_overflow_tiny_flanked,
          nicolae_vehumet_altar_sigil,
          chequers_temple_overflow_statue_of_worship,
          mainiacjoe_overflow_catwalk_spiral, nicolae_shop_unique_rings,
          minmay_a_box_with_orc_wizards_in_it
D:6:      layout_rooms, temple_green, portal_sewer_entry_a, uniq_eustachio
D:7:      layout_basic
D:8:      layout_gridville, serial_shops, shop, nzn_ghost_randoct, worms_lemuel,
          uniq_psyche
D:9:      minmay_the_grid_octo_tiled_squarecenter [minmay_the_grid_octo_empty,
          minmay_the_grid_octo_shrine, minmay_the_grid_octo_toaster,
          minmay_the_grid_octo_tetromino_candy,
          minmay_the_grid_square_5x5_megaprize_crossed,
          minmay_the_grid_square_5x5_corner, minmay_the_grid_square_5x5_shrine2,
          minmay_the_grid_square_5x5_moneybag,
          minmay_the_grid_square_5x5_bridge], layout_grid_maze,
          minmay_misc_feat_square, uniq_erolcha
Temple:   hellmonk_temple_rainy

Skill      XL: |  1  2  3  4  5  6  7  8  9 10 11 |
---------------+----------------------------------+-----
Dodging        | 3 4 5 6 8 10 | 10.0
Conjurations   | 2 3 5 6 7 |  7.0
Spellcasting   | 5 8 |  8.2
Short Blades   | 1 2 4 |  4.0
Hexes          | 2 3 4 5 |  5.5
Translocations | 2 3 4 5 |  5.2
Ice Magic      | 2 3 4 5 |  5.0
Fighting       | 1 2 |  2.0
Summonings     | 3 5 |  5.0
Air Magic      | 3 5 |  5.3
Invocations    | 5 |  5.9
Stealth        | |  2.4

Action                   |  1- 3 |  4- 6 |  7- 9 | 10-12 || total
-------------------------+-------+-------+-------+-------++-------
Melee: Dagger            |    53 |    70 |   266 |    95 ||   484
       Punch             |       |     1 |     3 |     1 ||     5
       Rapier            |       |       |    73 |       ||    73
 Cast: Magic Dart        |    84 |    89 |   286 |    61 ||   520
       Call Imp          |       |     6 |    16 |     2 ||    24
       Ensorcelled Hiber |       |     5 |    48 |    39 ||    92
       Blink             |       |       |     7 |     2 ||     9
       Slow              |       |       |    11 |    15 ||    26
       Lightning Bolt    |       |       |       |    23 ||    23
  Use: Scroll            |     7 |    13 |    11 |     3 ||    34
       Potion            |       |     6 |    13 |     6 ||    25
 Stab: Sleeping          |       |     3 |    25 |    21 ||    49
       Distracted        |       |       |     1 |     1 ||     2
Armor: Robe              |    18 |    14 |    89 |    22 ||   143
Dodge: Dodged            |    46 |    52 |   201 |    85 ||   384
Block: Other             |     8 |    15 |    55 |    24 ||   102
       Reflection        |       |       |     5 |     3 ||     8
